TOP OF THE 1ST |
Louisiana Dragoons batting - Pitching for Nebraska Plainsmen : LHP Juan Soto
|
Pitching: LHP Juan Soto
|
|
Batting: RHB Wessel Wemerman
|
0-0: Ball 1-0: Ground out 6-3 (Groundball, 6)
|
Batting: RHB Sancho Rodríguez
|
0-0: Ground out 6-3 (Groundball, 6M)
|
Batting: RHB Anastasio Hernández
|
0-0: Fly out, F9 (Flyball, 89M)
|
Top of the 1st over - 0 run(s), 0 hit(s), 0 error(s), 0 left on base; Louisiana 0 - Nebraska 0 |
BOTTOM OF THE 1ST |
Nebraska Plainsmen batting - Pitching for Louisiana Dragoons : RHP Ricardo Suárez
|
Pitching: RHP Ricardo Suárez
|
|
Batting: RHB George St. Clair
|
0-0: Foul Ball, location: 2F 0-1: Ball 1-1: SINGLE (Groundball, 5S) (infield hit)
|
Batting: RHB Luis Aragón
|
0-0: Ball Wild Pitch! George St. Clair to second 1-0: Ball 2-0: Called Strike Single, Error in OF, E8, batter to second base George St. Clair scores
|
Batting: RHB Bob Barlow
|
0-0: SINGLE (Line Drive, 8LS) Luis Aragón to third
|
Batting: LHB Sisto Pagnamenta
|
0-0: Ground out 3-1 (Groundball, 34) Luis Aragón scores Bob Barlow to second
|
Batting: RHB Lorenzo Ruíz
|
0-0: Fly out, F4 (Popup, 6MD)
|
Batting: LHB Alex Willis
|
0-0: Foul Ball, location: 2F 0-1: Ball 1-1: Ball 2-1: Foul Ball, location: 2F 2-2: Strikes out looking
|
Bottom of the 1st over - 2 run(s), 3 hit(s), 1 error(s), 1 left on base; Louisiana 0 - Nebraska 2 |
TOP OF THE 2ND |
Louisiana Dragoons batting - Pitching for Nebraska Plainsmen : LHP Juan Soto
|
Batting: LHB Damian Delaney
|
0-0: Ball 1-0: Foul Ball, location: 2F 1-1: Swinging Strike 1-2: Strikes out swinging
|
Batting: SHB Galtero Suárez
|
0-0: Ball 1-0: Called Strike 1-1: Ball 2-1: Ground out 5-3 (Groundball, 5S)
|
Batting: RHB Kevin Johnson
|
0-0: Ball 1-0: Ball 2-0: Ball 3-0: Base on Balls
|
Batting: RHB Roberto Hernández
|
0-0: Called Strike 0-1: Called Strike Kevin Johnson is caught stealing 2nd base
|
Top of the 2nd over - 0 run(s), 0 hit(s), 0 error(s), 0 left on base; Louisiana 0 - Nebraska 2 |
BOTTOM OF THE 2ND |
Nebraska Plainsmen batting - Pitching for Louisiana Dragoons : RHP Ricardo Suárez
|
Batting: RHB Carl Wheezer
|
0-0: Called Strike 0-1: Fly out, F8 (Flyball, 8RM)
|
Batting: RHB Levi Tess
|
0-0: Ball 1-0: Called Strike 1-1: Foul Ball, location: 2F 1-2: Foul Ball, location: 2F 1-2: Fly out, F8 (Line Drive, 8LM)
|
Batting: RHB Jorge Salgado
|
0-0: Ground out 4-3 (Groundball, 4)
|
Bottom of the 2nd over - 0 run(s), 0 hit(s), 0 error(s), 0 left on base; Louisiana 0 - Nebraska 2 |
TOP OF THE 3RD |
Louisiana Dragoons batting - Pitching for Nebraska Plainsmen : LHP Juan Soto
|
Batting: RHB Roberto Hernández
|
0-0: Ball 1-0: Called Strike 1-1: Fly out, F6 (Popup, 6MD)
|
Batting: RHB Armando Carmona
|
0-0: Ball 1-0: Ground out 3-1 (Groundball, 34)
|
Batting: SHB Eduardo Pampin
|
0-0: Ball 1-0: Swinging Strike 1-1: Ball 2-1: SINGLE (Line Drive, 4MD)
|
Batting: RHB Wessel Wemerman
|
0-0: Swinging Strike 0-1: Swinging Strike 0-2: Strikes out swinging
|
Top of the 3rd over - 0 run(s), 1 hit(s), 0 error(s), 1 left on base; Louisiana 0 - Nebraska 2 |
BOTTOM OF THE 3RD |
Nebraska Plainsmen batting - Pitching for Louisiana Dragoons : RHP Ricardo Suárez
|
Batting: RHB George St. Clair
|
0-0: Ball 1-0: Ball 2-0: Called Strike 2-1: Ball 3-1: Ground out 5-3 (Groundball, 56S)
|
Batting: RHB Luis Aragón
|
0-0: Ball 1-0: Foul Ball, location: 2F 1-1: Foul Ball, location: 2F 1-2: Strikes out swinging
|
Batting: RHB Bob Barlow
|
0-0: Ball 1-0: Ball 2-0: Swinging Strike 2-1: Called Strike 2-2: Strikes out swinging
|
Bottom of the 3rd over - 0 run(s), 0 hit(s), 0 error(s), 0 left on base; Louisiana 0 - Nebraska 2 |
TOP OF THE 4TH |
Louisiana Dragoons batting - Pitching for Nebraska Plainsmen : LHP Juan Soto
|
Batting: RHB Sancho Rodríguez
|
0-0: Fly out, F7 (Line Drive, 7M)
|
Batting: RHB Anastasio Hernández
|
0-0: Ball 1-0: Ball 2-0: Ball 3-0: Base on Balls
|
Batting: LHB Damian Delaney
|
0-0: Ball 1-0: SINGLE (Flyball, 8LS) Anastasio Hernández to second Runner from 2nd tries for 3rd, SAFE, throw made to third Damian Delaney to second
|
Batting: SHB Galtero Suárez
|
0-0: Reached on Error, E8 (Flyball, 8RM) Anastasio Hernández scores Damian Delaney to third
|
Batting: RHB Kevin Johnson
|
0-0: Ball 1-0: Fly out, F8 (Flyball, 8RM) Runner from 3rd tags up, SCORES, no throw
|
Batting: RHB Roberto Hernández
|
0-0: Ball 1-0: Called Strike 1-1: Fielders Choice at 2nd, U6 (Groundball, 6M)
|
Top of the 4th over - 2 run(s), 1 hit(s), 1 error(s), 1 left on base; Louisiana 2 - Nebraska 2 |
BOTTOM OF THE 4TH |
Nebraska Plainsmen batting - Pitching for Louisiana Dragoons : RHP Ricardo Suárez
|
Batting: LHB Sisto Pagnamenta
|
0-0: Called Strike 0-1: Called Strike 0-2: Ball 1-2: Strikes out looking
|
Batting: RHB Lorenzo Ruíz
|
0-0: Ball 1-0: SINGLE (Line Drive, 4MD)
|
Batting: LHB Alex Willis
|
0-0: Called Strike 0-1: Foul Ball, location: 2F 0-2: Ball 1-2: Ball 2-2: Ball 3-2: Strikes out swinging
|
Batting: RHB Carl Wheezer
|
0-0: Swinging Strike 0-1: Ball 1-1: Ball 2-1: Ball 3-1: Base on Balls Lorenzo Ruíz to second
|
Batting: RHB Levi Tess
|
0-0: Ball 1-0: Ball 2-0: Called Strike 2-1: Called Strike 2-2: Foul Ball, location: 2F 2-2: Foul Ball, location: 2F 2-2: Foul Ball, location: 2F 2-2: Ball 3-2: Foul Ball, location: 2F 3-2: SINGLE (Groundball, 34D) Lorenzo Ruíz to third Carl Wheezer to second Lorenzo Ruíz scores Carl Wheezer to third
|
Batting: RHB Jorge Salgado
|
0-0: Called Strike 0-1: Called Strike 0-2: Ball 1-2: Strikes out swinging
|
Bottom of the 4th over - 1 run(s), 2 hit(s), 0 error(s), 2 left on base; Louisiana 2 - Nebraska 3 |
TOP OF THE 5TH |
Louisiana Dragoons batting - Pitching for Nebraska Plainsmen : LHP Juan Soto
|
Batting: RHB Armando Carmona
|
0-0: Ball 1-0: Called Strike 1-1: Fly out, F9 (Flyball, 9D)
|
Batting: SHB Eduardo Pampin
|
0-0: Ball 1-0: Ground out U3 (Groundball, 3S)
|
Batting: RHB Wessel Wemerman
|
0-0: Ball 1-0: Fly out, F5 (Line Drive, 56)
|
Top of the 5th over - 0 run(s), 0 hit(s), 0 error(s), 0 left on base; Louisiana 2 - Nebraska 3 |
BOTTOM OF THE 5TH |
Nebraska Plainsmen batting - Pitching for Louisiana Dragoons : RHP Ricardo Suárez
|
Batting: RHB George St. Clair
|
0-0: Fly out, F7 (Line Drive, 7M)
|
Batting: RHB Luis Aragón
|
0-0: Ball 1-0: Ground out 5-3 (Groundball, 56)
|
Batting: RHB Bob Barlow
|
0-0: Ball 1-0: Ball 2-0: Ball 3-0: Called Strike 3-1: Called Strike 3-2: Foul Ball, location: 2F 3-2: Ground out 6-3 (Groundball, 6)
|
Bottom of the 5th over - 0 run(s), 0 hit(s), 0 error(s), 0 left on base; Louisiana 2 - Nebraska 3 |
TOP OF THE 6TH |
Louisiana Dragoons batting - Pitching for Nebraska Plainsmen : LHP Juan Soto
|
Batting: RHB Sancho Rodríguez
|
0-0: Swinging Strike 0-1: Ball 1-1: Foul Ball, location: 2F 1-2: Ball 2-2: Ball 3-2: Base on Balls
|
Batting: RHB Anastasio Hernández
|
0-0: Ball 1-0: Fielders Choice at 2nd, 5-4 (Groundball, 56)
|
Batting: LHB Damian Delaney
|
0-0: Ground out 4-3 (Groundball, 4S) Anastasio Hernández to second
|
Batting: SHB Galtero Suárez
|
0-0: Called Strike 0-1: Foul Ball, location: 2F 0-2: Hit by Pitch
|
Batting: RHB Kevin Johnson
|
0-0: Ball 1-0: Ball 2-0: Ball 3-0: Called Strike 3-1: Fly out, F2 (Popup, 2RF)
|
Top of the 6th over - 0 run(s), 0 hit(s), 0 error(s), 2 left on base; Louisiana 2 - Nebraska 3 |
BOTTOM OF THE 6TH |
Nebraska Plainsmen batting - Pitching for Louisiana Dragoons : RHP Ricardo Suárez
|
Batting: LHB Sisto Pagnamenta
|
0-0: DOUBLE (Line Drive, 7LM)
|
Batting: RHB Lorenzo Ruíz
|
0-0: Ball 1-0: Foul Ball, location: 2F 1-1: Foul Ball, location: 2F 1-2: Foul Ball, location: 2F 1-2: Foul Ball, location: 2F 1-2: Ball 2-2: Fly out, F7 (Popup, 7S)
|
Batting: LHB Alex Willis
|
0-0: Ball 1-0: Ball 2-0: Ball 3-0: Called Strike 3-1: Fly out, F8 (Flyball, 8LD) Runner from 2nd tags up, SAFE at 3rd, no throw
|
Pitching: RHP Ramón Martínez
|
|
Batting: RHB Carl Wheezer
|
0-0: Ball 1-0: Ball 2-0: Ground out 6-3 (Groundball, 6)
|
Bottom of the 6th over - 0 run(s), 1 hit(s), 0 error(s), 1 left on base; Louisiana 2 - Nebraska 3 |
TOP OF THE 7TH |
Louisiana Dragoons batting - Pitching for Nebraska Plainsmen : LHP Juan Soto
|
Batting: RHB Roberto Hernández
|
0-0: Called Strike 0-1: SINGLE (Groundball, 56D)
|
Pinch Hitting: RHB Warren Willis
|
0-0: Called Strike Roberto Hernández steals 2nd base 0-1: Ground out 1-3 (Groundball, 15S)
|
Batting: SHB Eduardo Pampin
|
0-0: Ball 1-0: Called Strike 1-1: SINGLE (Flyball, 8LS) Roberto Hernández to third Runner from 3rd tries for Home, SAFE, no throw or cutoff
|
Batting: RHB Wessel Wemerman
|
0-0: Called Strike 0-1: Ball 1-1: Called Strike 1-2: Ball 2-2: Ball 3-2: Foul Ball, location: 2F 3-2: Strikes out looking
|
Batting: RHB Sancho Rodríguez
|
0-0: Ball 1-0: Ball 2-0: Foul Ball, location: 2F 2-1: Fly out, F7 (Flyball, 7LS)
|
Top of the 7th over - 1 run(s), 2 hit(s), 0 error(s), 1 left on base; Louisiana 3 - Nebraska 3 |
BOTTOM OF THE 7TH |
Nebraska Plainsmen batting - Pitching for Louisiana Dragoons : RHP Ramón Martínez
|
Now at SS: Warren Willis
|
|
Batting: RHB Levi Tess
|
0-0: Ball 1-0: Fly out, F8 (Flyball, 8LM)
|
Pinch Hitting: RHB Jim Unknown
|
0-0: Called Strike 0-1: Ball 1-1: Ball 2-1: Fly out, F8 (Flyball, 8RS)
|
Batting: RHB George St. Clair
|
0-0: Called Strike 0-1: SINGLE (Line Drive, 7S)
|
Pinch Hitting: LHB Jim Unknown
|
0-0: Ball 1-0: Called Strike 1-1: Foul Ball, location: 2F 1-2: Fly out, F8 (Flyball, 8LD)
|
Bottom of the 7th over - 0 run(s), 1 hit(s), 0 error(s), 1 left on base; Louisiana 3 - Nebraska 3 |
TOP OF THE 8TH |
Louisiana Dragoons batting - Pitching for Nebraska Plainsmen : LHP Juan Soto
|
Now at 3B: Ángel Macías
|
|
Now in RF: Jim Unknown
|
|
Batting: RHB Anastasio Hernández
|
0-0: Ball 1-0: Called Strike 1-1: Ball 2-1: Fly out, F8 (Flyball, 8RM)
|
Pinch Hitting: RHB Emmanuele Lucchetti
|
0-0: SINGLE (Groundball, 34D)
|
Batting: SHB Galtero Suárez
|
0-0: Ball 1-0: Grounds into double play, 5-4-3 (Groundball, 5)
|
Top of the 8th over - 0 run(s), 1 hit(s), 0 error(s), 0 left on base; Louisiana 3 - Nebraska 3 |
BOTTOM OF THE 8TH |
Nebraska Plainsmen batting - Pitching for Louisiana Dragoons : RHP Ramón Martínez
|
Now at SS: Emmanuele Lucchetti
|
|
Batting: RHB Bob Barlow
|
0-0: Called Strike 0-1: Called Strike 0-2: Foul Ball, location: 2F 0-2: Strikes out swinging
|
Batting: LHB Sisto Pagnamenta
|
0-0: Fly out, F8 (Flyball, 8RM)
|
Batting: RHB Lorenzo Ruíz
|
0-0: Foul Ball, location: 2F 0-1: Ball 1-1: Fly out, F9 (Flyball, 89M)
|
Bottom of the 8th over - 0 run(s), 0 hit(s), 0 error(s), 0 left on base; Louisiana 3 - Nebraska 3 |
TOP OF THE 9TH |
Louisiana Dragoons batting - Pitching for Nebraska Plainsmen : LHP Juan Soto
|
Pitching: RHP Tristan Young
|
|
Pinch Hitting: LHB Luis Moreno
|
0-0: Swinging Strike 0-1: Ball 1-1: Ball 2-1: Ball 3-1: Foul Ball, location: 2F 3-2: Fly out, F3 (Popup, 3SF)
|
Batting: RHB Roberto Hernández
|
0-0: Ball 1-0: Called Strike 1-1: Fly out, F3 (Popup, 3SF)
|
Batting: RHB Warren Willis
|
0-0: Ball 1-0: Called Strike 1-1: Ball 2-1: Ball 3-1: Base on Balls
|
Batting: SHB Eduardo Pampin
|
0-0: Ball 1-0: Called Strike 1-1: DOUBLE (Line Drive, 7LS) Warren Willis to third
|
Batting: RHB Wessel Wemerman
|
0-0: Called Strike 0-1: SINGLE (Line Drive, 9LS) Warren Willis scores Eduardo Pampin to third Runner from 3rd tries for Home, SAFE, no throw or cutoff
|
Pitching: LHP Jim Unknown
|
|
Batting: RHB Sancho Rodríguez
|
0-0: Called Strike 0-1: Ball Wessel Wemerman is caught stealing 2nd base
|
Top of the 9th over - 2 run(s), 2 hit(s), 0 error(s), 0 left on base; Louisiana 5 - Nebraska 3 |
BOTTOM OF THE 9TH |
Nebraska Plainsmen batting - Pitching for Louisiana Dragoons : RHP Ramón Martínez
|
Pitching: RHP Darren Garland
|
|
Now in RF: Luis Moreno
|
|
Batting: LHB Alex Willis
|
0-0: Ball 1-0: Ball 2-0: Foul Ball, location: 2F 2-1: Called Strike 2-2: Foul Ball, location: 2F 2-2: Foul Ball, location: 2F 2-2: Strikes out swinging
|
Batting: RHB Carl Wheezer
|
0-0: Called Strike 0-1: Ball 1-1: Fly out, F8 (Flyball, 8RM)
|
Batting: RHB Levi Tess
|
0-0: Swinging Strike 0-1: Foul Ball, location: 2F 0-2: Strikes out swinging
|
Bottom of the 9th over - 0 run(s), 0 hit(s), 0 error(s), 0 left on base; Louisiana 5 - Nebraska 3 |
|